 Dungeon Crawl Stone Soup version 0.17.1-2-g5865329 (webtiles) character file.

81 Shakirun the Ruffian (level 4, -3/35 HPs)
             Began as a Draconian Transmuter on Feb 2, 2016.
             Slain by an orc priest
             ... wielding a +0 trident
              (6 damage)
             ... on level 3 of the Dungeon.
             The game lasted 00:15:53 (2240 turns).

Shakirun the Ruffian (Draconian Transmuter)         Turns: 2240, Time: 00:15:54

Health: -3/35      AC:  6    Str: 13    XL:     4   Next: 19%
Magic:  1/7        EV: 12    Int: 13    God:
Gold:   72         SH:  0    Dex: 17    Spells: 3 memorised, 1 level left

rFire  + . .     SeeInvis .       - Unarmed
rCold  . . .     Clarity  .     (armour unavailable)
rNeg   . . .     SustAt   .     (no shield)
rPois  .         Gourm    .     (helmet restricted)
rElec  .         Spirit   .     h - +0 cloak
rCorr  .         Warding  .     (no gloves)
rMut   .         Stasis   .     (boots currently unavailable)
MR     .....                    (no amulet)
Stlth  ++........               q - ring of protection from fire
                                m - +5 ring of dexterity

@: appendage, very slightly contaminated, not resistant to hostile enchantments,
unstealthy
A: unfitting armour, talons 3, cold-blooded, AC +5
a: End Transformation


You were on level 3 of the Dungeon.
You were hungry.
You had grown temporary talons.
You visited 1 branch of the dungeon, and saw 3 of its levels.

You collected 72 gold pieces.

Inventory:

Missiles
 a - 9 arrows
Armour
 h - a +0 cloak (worn)
Jewellery
 m - a +5 ring of dexterity (left hand)
 q - a ring of protection from fire (right hand)
 r - a +3 ring of strength {unknown}
Scrolls
 e - 2 scrolls of recharging {unknown}
 g - a scroll of remove curse {unknown}
 k - 2 scrolls of teleportation {unknown}
 l - a scroll of enchant weapon {unknown}
 s - a scroll of identify
 u - a scroll of immolation {unknown}
Potions
 f - 2 potions of might
 j - a potion of invisibility {unknown}
 n - a potion of heal wounds {unknown}
 o - a potion of curing
 p - a potion of haste {unknown}
 t - a potion of ambrosia {unknown}
Books
 b - a book of Changes

   Spells                             Type                      Level
   a - Beastly Appendage              Transmutation                1
   b - Sticks to Snakes               Transmutation                2
   c - Spider Form                    Transmutation/Poison         3
   d - Ice Form                       Ice/Transmutation            4
   e - Blade Hands                    Transmutation                5
Comestibles
 c - 4 bread rations
 i - 2 meat rations


   Skills:
 - Level 1.1 Fighting
 - Level 1.7 Dodging
 * Level 3.7 Unarmed Combat
 + Level 2.4 Spellcasting
 * Level 3.5 Transmutations


You had one spell level left.
You knew the following spells:

 Your Spells              Type           Power        Failure   Level  Hunger
a - Beastly Appendage     Trmt           ##....       8%          1    #......
b - Sticks to Snakes      Trmt           ##........   10%         2    ###....
c - Spider Form           Trmt/Pois      #.........   38%         3    ###....


Dungeon Overview and Level Annotations

Branches:
Dungeon (3/15)

Altars:
Xom
Zin

Annotations:
D:3 Olafur's ghost, amateur HuFi


Innate Abilities, Weirdness & Mutations

Your plain brown scales are hard (AC +5).
Your body does not fit into most forms of armour.
You are cold-blooded and may be slowed by cold attacks.
You have claws for feet.


Message History

The orc priest mumbles some strange prayers to Beogh against you.
Something smites you! The orc barely misses you.
Found a stone staircase leading down.
You see here a mace.
You closely miss the orc priest. The orc priest hits you with a trident!
* * * LOW HITPOINT WARNING * * *
The orc closely misses you.
There are monsters nearby!
You are feeling hungry.
You hit the orc priest.
You claw the orc priest, but do no damage.
You tail-slap the orc priest.
The orc priest is moderately wounded.
The orc priest hits you with a trident.
* * * LOW HITPOINT WARNING * * *
Drink which item? (? for menu, Esc to quit)
It was a potion of curing.
You feel better. The orc hits you with a falchion.
* * * LOW HITPOINT WARNING * * *
The orc priest hits you with a trident.
You die...

#.. ...# ...# #
#..# #. #..### ###
>.###.####..#.###
..#
.......o........#
.....
.....[o@........#
..###
......####).....##
..... #....
#.......... .#...
.... #.........#
..... .....
#.......... .?...
## #..##.........#
....
#...<.........#
##............#
######.....###


You could see an orc priest and an orc.

Vanquished Creatures
  An orc wizard (D:3)
  An ooze (D:1)
  2 worms (D:2)
  2 orcs (D:3)
  6 bats
  A giant cockroach (D:2)
  4 goblins (D:1)
  8 hobgoblins
  A ball python (D:1)
  A giant newt (D:1)
  4 jackals (D:2)
  3 kobolds (D:2)
  4 rats
38 creatures vanquished.

Notes
Turn   | Place    | Note
--------------------------------------------------------------
     0 | D:1      | Shakirun the Draconian Transmuter began the quest for the Orb.
     0 | D:1      | Reached XP level 1. HP: 16/16 MP: 3/3
   122 | D:1      | Reached XP level 2. HP: 20/23 MP: 5/5
   666 | D:2      | Found a glowing silver altar of Zin.
   974 | D:2      | Learned a level 2 spell: Sticks to Snakes
  1054 | D:2      | Reached XP level 3. HP: 26/28 MP: 6/6
  1309 | D:2      | Found a shimmering altar of Xom.
  1309 | D:2      | Noticed an angel
  1846 | D:3      | Noticed Olafur's ghost (amateur HuFi)
  1862 | D:3      | HP: 1/28 [Olafur's ghost (13)]
  2186 | D:2      | Learned a level 3 spell: Spider Form
  2227 | D:3      | Reached XP level 4. HP: 31/35 MP: 0/7
  2240 | D:3      | Slain by an orc priest

Action                   |  1- 3 |  4- 6 || total
-------------------------+-------+-------++-------
Melee: Unarmed           |   133 |     7 ||   140
 Cast: Beastly Appendage |    12 |     1 ||    13
       Sticks to Snakes  |     3 |       ||     3
       Spider Form       |     1 |       ||     1
  Use: Scroll            |     2 |       ||     2
       Potion            |       |     1 ||     1
  Eat: Chunk             |     3 |       ||     3
       Beef jerky        |     1 |       ||     1
